 Dungeon Crawl Stone Soup version 0.29-a0-243-g602b31c20e (webtiles) character file.

Game seed: 9064112192629004528

3882 NobodyCares the Cleaver (level 10, -8/136 HPs)
             Began as a Minotaur Berserker on Mar 3, 2022.
             Was a High Priest of Trog.
             Mangled by a two-headed ogre
             ... wielding a +0 giant club
              (19 damage)
             ... on level 8 of the Dungeon on Mar 4, 2022.
             The game lasted 00:18:17 (9115 turns).

NobodyCares the Cleaver (Minotaur Berserker)        Turns: 9115, Time: 00:18:17

Health: -8/136     AC: 11    Str: 32    XL:     10   Next: 0%
Magic:  9/9        EV: 10    Int: 10    God:    Trog [*****.]
Gold:   374        SH:  0    Dex: 10    Spells: 9/9 levels left

rFire   . . .      SeeInvis .   i - +3 woodcutter's axe {vorpal}
rCold   . . .      Faith    .   (shield currently unavailable)
rNeg    . . .      Spirit   .   b - +0 chain mail
rPois   .          Reflect  .   (helmet restricted)
rElec   .          Harm     .   (no cloak)
rCorr   .          Rampage  .   (no gloves)
Will    .....                   (no boots)
Stlth   ..........              (no amulet)
HPRegen 0.32/turn               d - +6 ring of intelligence
MPRegen 0.11/turn               q - +6 ring of strength

@: berserking, very quick
A: horns 2, retaliatory headbutt
a: Renounce Religion, Berserk, Trog's Hand, Brothers in Arms


You were on level 8 of the Dungeon.
You worshipped Trog.
Trog was extremely pleased with you.
You visited 1 branch of the dungeon, and saw 8 of its levels.

You collected 374 gold pieces.

Inventory:

Hand Weapons
 i - the +3 woodcutter's axe (weapon) {vorpal}
   (You found it on level 2 of the Dungeon)

   It inflicts extra damage upon your enemies.
Missiles
 g - 137 stones (quivered)
Armour
 b - a +0 chain mail (worn)
 h - a +0 leather armour
Jewellery
 d - a +6 ring of intelligence (left hand)
 e - an amulet of magic regeneration
 q - a +6 ring of strength (right hand)
 u - a +6 ring of intelligence
 G - a ring of flight
Wands
 B - a wand of mindburst (24)
 F - a wand of digging (5)
Scrolls
 c - a scroll of noise {unknown}
 j - a scroll of summoning {unknown}
 k - 2 scrolls of amnesia
 l - a scroll of brand weapon {unknown}
 m - 2 scrolls of teleportation
 p - a scroll of vulnerability {unknown}
 t - 2 scrolls of blinking {unknown}
 v - a scroll of silence {unknown}
 x - a scroll of immolation {unknown}
 y - 4 scrolls of identify
 C - a scroll of enchant weapon {unknown}
 D - a scroll of magic mapping {unknown}
 H - a scroll of holy word {unknown}
Potions
 a - 2 potions of might
 f - 2 potions of magic
 n - 2 potions of curing {unknown}
 r - a potion of attraction
 s - a potion of degeneration
 w - a potion of brilliance {unknown}
 z - a potion of mutation {unknown}
 A - a potion of berserk rage {unknown}
 E - a potion of haste {unknown}


   Skills:
 + Level 9.5 Fighting
 * Level 12.2 Axes
 + Level 8.6 Armour
 + Level 3.9 Dodging
 - Level 0.1 Stealth


You had 9 spell levels left.
You didn't know any spells.
Your spell library was empty.

Dungeon Overview and Level Annotations

Branches:
Dungeon (8/15)             Temple (0/1) D:5
   Lair: D:8-11

Altars:
Makhleb

Shops:
D:2 =   D:5 (([[

Annotations:
D:8 Gastronok


Innate Abilities, Weirdness & Mutations

You have a pair of horns on your head.
You reflexively headbutt those who attack you in melee.


Message History

Things that are here:
a +0 whip; an orc corpse You slash the two-headed ogre!
The two-headed ogre is lightly wounded.
You hit the orc. The orc hits you but does no damage.
The two-headed ogre hits you with a +0 giant club!
The two-headed ogre hits you with a +0 giant spiked club.
You barely miss the orc. You headbutt the orc.
The orc is severely wounded.
You hit the two-headed ogre. The orc hits you but does no damage.
The two-headed ogre hits you with a +0 giant club!!
The two-headed ogre hits you with a +0 giant spiked club!!
You are too injured to fight recklessly!
The orc closely misses you. You furiously retaliate!
You headbutt the orc.
You kill the orc!
Trog accepts your kill.
Trog will now gift you melee weapons as you gain piety.
You fail to use your ability.
Gastronok waves his eye-stalks in wide circles.
The air twists around and strikes you!!
* * * LOW HITPOINT WARNING * * *
Gastronok is buffeted by a sudden breeze.
Gastronok gurgles, "A snack!
A snack!"
You see here a Young Poisoner's Handbook.
Found a scroll of identify.
The two-headed ogre hits you with a +0 giant club!
* * * LOW HITPOINT WARNING * * *
The two-headed ogre hits you but does no damage.
You feel much better.
A red film seems to cover your vision as you go berserk!
You feel yourself moving faster!
You feel mighty!
The two-headed ogre hits you with a +0 giant club!
* * * LOW HITPOINT WARNING * * *
The two-headed ogre hits you with a +0 giant spiked club!!
* * * LOW HITPOINT WARNING * * *
You slice the two-headed ogre!!
Your headbutt misses the two-headed ogre.
The two-headed ogre is severely wounded.
The two-headed ogre hits you with a +0 giant club!!
You die...

#......# #.. #########.....)#
#.# ### .)......+......#
#.##...##
##....###......######(.......
......'..............w.......
#.....########..#####+##...##
#.....#### ##.## .+
#...)....# #.O# #..))....#
##@# #........# #.#
###......# #.. #......# ....
#......# ..... #........
#...... #####..... #......?
..... #.......#


You could see a two-headed ogre.

Vanquished Creatures
  Pikel (D:5)
  Grinder (D:5)
  Eustachio (D:5)
  A steam dragon (D:8)
  Menkaure (D:5)
  A sky beast (D:6)
  2 orc warriors (D:7)
  4 black bears
  An ice beast (D:7)
  2 ogres
  2 kobold brigands
  4 bullfrogs
  A gnoll sergeant (D:6)
  2 necrophages
  4 scorpions
  4 wights (D:7)
  A jelly (D:5)
  2 hounds (D:4)
  2 gnoll shamans
  3 orc priests
  3 iguanas
  Jessica (D:3)
  4 orc wizards (D:7)
  A mummy (D:5)
  19 gnolls
  4 adders
  10 river rats (D:6)
  A white imp (D:6)
  3 worms
  4 dart slugs
  22 orcs
  8 bats
  6 endoplasms
  2 giant cockroaches (D:4)
  6 goblins
  9 hobgoblins
  7 jackals
  16 kobolds
  3 quokkas
  6 ball pythons
  5 frilled lizards
  2 hobgoblin zombies (D:5)
  2 orc zombies (D:5)
  16 rats
200 creatures vanquished.

Notes
Turn   | Place    | Note
-------+----------+-------------------------------------------
     0 | D:1      | NobodyCares the Minotaur Berserker began the quest for the
                  | Orb.
     0 | D:1      | Reached XP level 1. HP: 19/19 MP: 0/0
   229 | D:1      | Reached skill level 4 in Axes
   353 | D:1      | Reached XP level 2. HP: 27/27 MP: 1/1
  1219 | D:2      | Found a faded altar of an unknown god.
  1230 | D:2      | Reached XP level 3. HP: 33/33 MP: 2/2
  1231 | D:2      | Found the +3 woodcutter's axe {vorpal}
  1241 | D:2      | Reached ** piety under Trog
  1381 | D:2      | Reached skill level 5 in Axes
  1433 | D:2      | Noticed a scorpion
  1437 | D:2      | Killed a scorpion
  1438 | D:2      | Reached XP level 4. HP: 35/40 MP: 3/3
  1749 | D:2      | Found Remonk's Jewellery Shop.
  1777 | D:2      | Found a burning altar of Makhleb.
  1922 | D:3      | Reached XP level 5. HP: 42/47 MP: 4/4
  2291 | D:3      | Reached skill level 6 in Axes
  2291 | D:3      | Upgraded the game from 0.29-a0-234-g0dae59b3db to
                  | 0.29-a0-243-g602b31c20e
  2478 | D:3      | Noticed Jessica
  2485 | D:3      | Killed Jessica
  3394 | D:4      | Reached XP level 6. HP: 47/55 MP: 5/5
  3477 | D:4      | Reached skill level 5 in Fighting
  3477 | D:4      | Reached skill level 7 in Axes
  3738 | D:4      | Reached *** piety under Trog
  4379 | D:5      | Entered Level 5 of the Dungeon
  4379 | D:5      | Found a staircase to the Ecumenical Temple.
  4393 | D:5      | Noticed Grinder
  4396 | D:5      | Killed Grinder
  4397 | D:5      | Reached skill level 8 in Axes
  4397 | D:5      | Reached XP level 7. HP: 62/62 MP: 6/6
  4492 | D:5      | Found Ohabbun's Antique Weapon Boutique.
  4750 | D:5      | Found Enoq's Armour Shoppe.
  4750 | D:5      | Noticed Menkaure
  4752 | D:5      | Killed Menkaure
  4757 | D:5      | Reached skill level 5 in Armour
  4886 | D:5      | Found Coxzol's Weapon Shoppe.
  4916 | D:5      | Reached XP level 8. HP: 71/71 MP: 7/7
  5057 | D:5      | Found Qihisa's Antique Armour Shop.
  5153 | D:5      | Noticed Pikel
  5159 | D:5      | Killed Pikel
  5160 | D:5      | Reached skill level 9 in Axes
  5160 | D:5      | Noticed Eustachio
  5167 | D:5      | Killed Eustachio
  5298 | D:5      | Reached skill level 10 in Axes
  5880 | D:6      | Reached XP level 9. HP: 67/81 MP: 8/8
  6261 | D:6      | Reached **** piety under Trog
  6838 | D:6      | Reached skill level 11 in Axes
  8638 | D:7      | Reached skill level 12 in Axes
  8886 | D:8      | Reached XP level 10. HP: 73/91 MP: 9/9
  9096 | D:8      | Noticed a two-headed ogre
  9100 | D:8      | Noticed Gastronok
  9103 | D:8      | Reached ***** piety under Trog
  9115 | D:8      | Mangled by a two-headed ogre

Illustrated notes

Levels and vault maps discovered:
D:1:      dpeg_arrival_renting, layout_basic
D:2:      layout_rooms, serial_shops, nicolae_shop_trees,
          nicolae_ecumenical_pavilion, basic_altar
D:3:      layout_loops_cross, grunt_ministairs_12, minmay_misc_feat_x,
          chequers_serial_rivers_micro_b, uniq_jessica
D:4:      layout_basic
D:5:      layout_gridville, minmay_temple_entry_drinking_statues, serial_shops,
          nicolae_shop_hallway_plus, nicolae_shop_waterfront,
          nicolae_diamond_shop, nicolae_shop_crystal, minmay_tree_intersection,
          minmay_mini_ossuary, uniq_eustachio, uniq_pikel, uniq_menkaure,
          uniq_grinder
D:6:      layout_loops_cross, dk_rats_in_the_wall
D:7:      layout_gridville, hangedman_decor_lopped
D:8:      layout_basic, uniq_gastronok

Skill      XL: |  1  2  3  4  5  6  7  8  9 |
---------------+----------------------------+-----
Axes           | 4 5 6 8 10 12 | 12.2
Fighting       | 4 5 6 7 9 |  9.5
Armour         | 3 4 5 6 8 |  8.6
Dodging        | 3 |  3.9
Stealth        | |  0.1

Action                   |  1- 3 |  4- 6 |  7- 9 | 10-12 || total
-------------------------+-------+-------+-------+-------++-------
Melee: Hand axe          |    37 |       |       |       ||    37
       Headbutt          |    13 |    14 |    20 |     1 ||    48
       Battleaxe         |    27 |    98 |   165 |     8 ||   298
Invok: Berserk           |       |       |       |     1 ||     1
  Use: Scroll            |       |     4 |       |       ||     4
       Potion            |       |     1 |     2 |     1 ||     4
Armor: Animal skin       |     6 |       |       |       ||     6
       Leather armour    |    10 |       |       |       ||    10
       Chain mail        |       |    41 |    85 |     4 ||   130
Dodge: Dodged            |    47 |    34 |    59 |     4 ||   144

Table legend: (Time is in decaauts)
 A = Elapsed time spent in this place.
 B = Non-inter-level travel time spent in this place.
 C = Inter-level travel time spent in this place.
 D = Time resting spent in this place.
 E = Time spent auto-exploring this place.
 F = Levels seen in this place.
 G = Mean time per level.
                   A        B        C        D        E       F      G
               +--------+--------+--------+--------+--------+-----+--------+
         Total |   9117 |   8048 |   1069 |    581 |   6536 |   8 | 1139.6 |
       Dungeon |   9117 |   8048 |   1069 |    581 |   6536 |   8 | 1139.6 |
               +--------+--------+--------+--------+--------+-----+--------+

Top non-repeatable levels by time:
     D:6: 1597 daAuts
     D:5: 1494 daAuts
     D:3: 1343 daAuts
     D:7: 1331 daAuts
     D:1: 1221 daAuts
     D:4: 1178 daAuts
     D:2: 637 daAuts
     D:8: 312 daAuts
